 Seeded DCSS version 0.29.1-15-g9cfb28693d (webtiles) character file.

Game seed: 6051134411659854753 (custom seed)

1445 CInkIbrahim the Spear-Bearer (level 8, -1/52 HPs)
             Began as an Octopode Monk on Mar 1, 2023.
             Was an Initiate of Gozag.
             Shot with a bolt by an orc warrior (12 damage)
             ... on level 7 of the Dungeon.
             The game lasted 00:07:56 (5241 turns).

CInkIbrahim the Spear-Bearer (Octopode Monk)        Turns: 5241, Time: 00:07:56

Health: -1/52      AC:  1    Str: 18    XL:     8   Next: 75%
Magic:  8/8        EV: 14    Int:  8    God:    Gozag
Gold:   403        SH:  0    Dex: 21    Spells: 7/7 levels left

rFire   + . .      SeeInvis .   b - +9 quarterstaff of Uskayaw's Castigation {protect, Fly rElec rC+ rCorr}
rCold   + . .      Faith    .   (shield currently unavailable)
rNeg    + . .      Spirit   .   (helmet restricted)
rPois   .          Reflect  .   (no amulet)
rElec   +          Harm     .   l - ring "Enylimun" {Str+6 Int-4 Slay+5}
rCorr   +          Rampage  .   e - ring of protection from fire
Will    .....                   A - +6 ring of dexterity
Stlth   ++++......              C - ring of positive energy
HPRegen 0.17/turn               (no ring)
MPRegen 0.11/turn               (no ring)
                                (no ring)
                                (no ring)

@: gold aura, flying
A: almost no armour, amphibious, 8 rings, camouflage 1, gelatinous body 1,
(nimble swimmer 1), tentacles
a: Renounce Religion, Potion Petition, Call Merchant, Bribe Branch


You were on level 7 of the Dungeon.
You worshipped Gozag.
Gozag was aware of your devotion.
You visited 2 branches of the dungeon, and saw 8 of its levels.

You collected 403 gold pieces.

Inventory:

Hand Weapons
 a - a +3 trident
 b - the +9 quarterstaff of Uskayaw's Castigation (weapon) {protect, Fly rElec rC+ rCorr}
   (You found it on level 2 of the Dungeon)

   It grants its wielder temporary protection when it strikes (+7 to AC).
   rC:        It protects you from cold.
   rElec:     It insulates you from electricity.
   Fly:       It grants you flight.
   rCorr:     It protects you from acid and corrosion.
Jewellery
 e - a ring of protection from fire (right tentacle)
 l - the ring "Enylimun" (left tentacle) {Str+6 Int-4 Slay+5}
   (You acquired it on level 4 of the Dungeon)

   [ring of strength]

   Str:       It affects your strength (+6).
   Int:       It affects your intelligence (-4).
   Slay:      It affects your accuracy & damage with ranged weapons and melee
   (+5).
 A - a +6 ring of dexterity (on tentacle)
 C - a ring of positive energy (on tentacle)
Wands
 x - a wand of roots (23)
 D - a wand of mindburst (9)
 E - a wand of polymorph (4)
Scrolls
 c - a scroll of fear
 f - 3 scrolls of teleportation {unknown}
 g - 2 scrolls of enchant armour {unknown}
 h - 2 scrolls of blinking {unknown}
 i - 3 scrolls of butterflies {unknown}
 n - a scroll of enchant weapon {unknown}
 q - 3 scrolls of vulnerability {unknown}
 r - a scroll of magic mapping {unknown}
 u - a scroll of amnesia
 y - 2 scrolls of brand weapon {unknown}
 z - a scroll of poison {unknown}
 B - 2 scrolls of immolation {unknown}
Potions
 d - a potion of berserk rage {unknown}
 j - 2 potions of ambrosia
 k - 3 potions of cancellation
 m - a potion of mutation {unknown}
 o - 3 potions of curing
 p - 2 potions of attraction {unknown}
 s - a potion of flight {unknown}
 t - a potion of lignification {unknown}
 v - a potion of heal wounds {unknown}
 w - a potion of brilliance
 F - a potion of resistance


   Skills:
 - Level 3.0 Fighting
 + Level 11.0 Polearms
 - Level 3.0 Dodging
 - Level 2.6 Stealth


You had 7 spell levels left.
You didn't know any spells.
Your spell library contained the following spells:

 Spells                   Type           Power      Damage    Failure   Level
 Portal Projectile        Hex/Tloc       0%         N/A       78%         3
 Tukima's Dance           Hex            0%         N/A       78%         3
 Blade Hands              Tmut           0%         N/A       100%        5
 Fireball                 Conj/Fire      0%         3d3       100%        5
 Iskenderun's Battlesphe  Conj           0%         2d6       100%        5
 Conjure Ball Lightning   Conj/Air       0%         3x3d6     100%        6
 Orb of Destruction       Conj           0%         9d5       100%        7


Dungeon Overview and Level Annotations

Branches:
Dungeon (7/15)             Temple (1/1) D:6

Altars:
Ashenzari
Cheibriados
Dithmenos
Elyvilon
Fedhas
Gozag
Hepliaklqana
Kikubaaqudgha
Nemelex Xobeh
Qazlal
Ru
Sif Muna
Uskayaw
Wu Jian
Xom
Yredelemnul
Zin


Innate Abilities, Weirdness & Mutations

You cannot wear most types of armour.
You are amphibious.
You can wear up to eight rings at the same time.
Your skin changes colour to match your surroundings (Stealth+).
Your rubbery body absorbs attacks. (AC +1, EV +1)
((You are camouflaged when in or above water. (Stealth+)))
You have tentacles for arms and can constrict up to eight enemies at once.


Message History

Found a stone staircase leading down.
No target in view!
Found a leather armour.
No target in view!
Found an escape hatch in the ceiling.
No target in view!
Found a ring mail.
No target in view!
Found a sparkling altar of Nemelex Xobeh.
No target in view!
A black bear comes into view.
An orc comes into view. It is wielding a +0 dagger.
An orc warrior comes into view. It is wielding a +0 battleaxe.
Found 8 stones.
The black bear growls angrily.
An orc comes into view. It is wielding a +0 war axe.
You sock the black bear!
Your weapon exudes an aura of protection.
You grab the black bear.
The black bear is heavily wounded.
You constrict the black bear.
The black bear bites you but does no damage.
The black bear claws you. The black bear misses you.
The orc warrior unwields a +0 battleaxe.
The orc warrior wields a +0 arbalest.
The orc warrior shoots a bolt.
The bolt completely misses you.
You sock the black bear! You squeeze the black bear.
You kill the black bear!
The orc warrior shoots a bolt.
The bolt hits you!
Your Polearms skill increases to level 11!
You see here 6 gold pieces.
The orc warrior shoots a bolt.
The bolt hits you!! The orc attacks as you move away!
The orc hits you with a +0 dagger.
* * * LOW HITPOINT WARNING * * *
The orc warrior shoots a bolt.
The bolt closely misses you. The orc attacks as you move away!
The orc hits you with a +0 dagger.
* * * LOW HITPOINT WARNING * * *
The orc warrior shoots a bolt.
The bolt hits you!
You die...
Your body crumbles into a pile of gold.

.....#.# .. .....#.# #..
.....#.# #..
.....#.##########.##
.....#.#........... #
.....#.#.########.# ...
###.##...########.# #.##
.......#..........# .....
.......#........@.##.....
.......#........o........
.........<.........P.PPPP
...............o.$.P.....
......[............P.P...
...................P.P _.
##>.............$..P.P .
.#### ...o#.....P.... #
..........P.PPP


You could see an orc warrior and 2 orcs.

Vanquished Creatures
  An ice beast (D:5)
  Pargi (D:3)
  A black bear (D:7)
  2 ogres
  A bullfrog (D:6)
  4 scorpions
  2 howler monkeys
  3 jellies
  3 hounds
  An iguana (D:5)
  4 orc wizards
  Robin (D:3)
  11 gnolls
  9 adders
  A shadow imp (D:5)
  A white imp (D:6)
  An ufetubus (D:5)
  4 worms
  A dart slug (D:1)
  17 orcs
  4 ball pythons
  3 bats
  7 endoplasms
  3 giant cockroaches
  17 goblins
  8 hobgoblins
  3 quokkas
  5 kobolds
  6 rats
125 creatures vanquished.

Vanquished Creatures (others)
  A goblin (D:3)
1 creature vanquished.

Grand Total: 126 creatures vanquished

Notes
Turn   | Place    | Note
-------+----------+-------------------------------------------
     0 | D:1      | CInkIbrahim the Octopode Monk began the quest for the Orb.
     0 | D:1      | Reached XP level 1. HP: 16/16 MP: 1/1
    79 | D:1      | Reached XP level 2. HP: 19/21 MP: 2/2
   626 | D:1      | Reached skill level 4 in Polearms
   788 | D:2      | Identified the +9 quarterstaff of Uskayaw's Castigation
                  | {protect, Fly rElec rC+ rCorr}
   861 | D:4      | Noticed a scorpion
   866 | D:4      | Killed a scorpion
   867 | D:4      | Reached skill level 5 in Polearms
   867 | D:4      | Reached XP level 3. HP: 26/26 MP: 3/3
   867 | D:4      | Reached XP level 4. HP: 31/31 MP: 4/4
   925 | D:4      | Reached XP level 5. HP: 36/36 MP: 5/5
   960 | D:4      | Noticed an ogre
   973 | D:4      | Killed an ogre
   974 | D:4      | Reached skill level 6 in Polearms
   986 | D:4      | Identified a scroll of acquirement
   986 | D:4      | Acquired the ring "Enylimun" {Str+6 Int-4 Slay+5}
  1088 | D:4      | Reached XP level 6. HP: 34/42 MP: 6/6
  1211 | D:3      | Found a hide-covered altar of Uskayaw.
  1295 | D:3      | Reached skill level 7 in Polearms
  1925 | D:2      | Found a faded altar of an unknown god.
  1970 | D:2      | Found a broken altar of Ashenzari.
  2429 | D:3      | Found a hazy altar of Hepliaklqana.
  2589 | D:3      | Reached XP level 7. HP: 46/46 MP: 7/7
  2613 | D:3      | Noticed Robin
  2633 | D:3      | Killed Robin
  2749 | D:3      | Noticed Pargi
  2754 | D:3      | Killed Pargi
  2755 | D:3      | Reached skill level 8 in Polearms
  3385 | D:5      | Entered Level 5 of the Dungeon
  3393 | D:5      | Reached skill level 9 in Polearms
  3665 | D:5      | Reached XP level 8. HP: 52/52 MP: 8/8
  3702 | D:5      | Found an ornate altar of the Wu Jian Council.
  3843 | D:5      | Identified the +0 robe of Gravity {Dex+2}
  4019 | D:6      | Found a staircase to the Ecumenical Temple.
  4101 | Temple   | Entered the Ecumenical Temple
  4101 | Temple   | Found a transporter.
  4101 | Temple   | Found a transporter.
  4103 | Temple   | Found a transporter.
  4103 | Temple   | Found a transporter.
  4126 | Temple   | Became a worshipper of Gozag Ym Sagoz the Greedy
  4230 | D:6      | Reached skill level 10 in Polearms
  5226 | D:7      | Found a sparkling altar of Nemelex Xobeh.
  5235 | D:7      | Reached skill level 11 in Polearms
  5241 | D:7      | Shot with a bolt by an orc warrior

Illustrated notes

Levels and vault maps discovered:
D:1:      psy_arrival_conway, layout_loops_ring
D:2:      layout_loops_corners, shapermc_ecumenical_altar_notcrosses,
          basic_altar
D:3:      minmay_recursive_quarters, layout_rooms, lemuel_round_altar,
          nicolae_overflow_hidden_temple, uniq_robin, uniq_pargi
D:4:      layout_gridville, minmay_fountain_box
D:5:      layout_basic, nicolae_wu_jian_wuxing_cycle
D:6:      layout_basic, minmay_temple_entry_fiery, chequers_serial_rivers_marsh,
          st_stairs_8, hangedman_decor_diamond_cutter
D:7:      layout_basic, mainiacjoe_overflow_cross_hatched,
          ebering_ghost_reflecting_pool, uniq_menkaure, uniq_duvessa
Temple:   hellmonk_temple_divided_pantheon

Skill      XL: |  1  2  3  4  5  6  7  8 |
---------------+-------------------------+-----
Polearms       | 5 6 7 9 11 | 11.0
Fighting       | |  3.0
Dodging        | |  3.0
Stealth        | |  2.6

Action                   |  1- 3 |  4- 6 |  7- 9 || total
-------------------------+-------+-------+-------++-------
Melee: Spear             |    32 |       |       ||    32
       Quarterstaff      |     3 |    81 |    93 ||   177
       Constrict         |     3 |    20 |    19 ||    42
       Tentacles         |     2 |     7 |    18 ||    27
       Punch             |       |     2 |     1 ||     3
  Use: Scroll            |       |     4 |     2 ||     6
       Potion            |       |       |     1 ||     1
 Stab: Sleeping          |    12 |    15 |    12 ||    39
Armor: Skin              |     1 |    10 |    24 ||    35
Dodge: Dodged            |     4 |    47 |    67 ||   118
